 Dungeon Crawl Stone Soup version 0.24-a0-479-g9a978d2894 (webtiles) character file.

Game seed: 6172407920741279828

12672 maggai the Basher (level 11, -4/97 HPs)
             Began as a Minotaur Berserker on July 7, 2019.
             Was an Elder of Trog.
             Succumbed to Rupert's poison
             ... on level 12 of the Dungeon.
             The game lasted 01:25:57 (11714 turns).

maggai the Basher (Minotaur Berserker)             Turns: 11714, Time: 01:25:58

Health: -4/97      AC: 18    Str: 23    XL:     11   Next: 65%
Magic:  0/10       EV: 10    Int:  9    God:    Trog [****..]
Gold:   781        SH:  0    Dex: 12    Spells: 10/10 levels left

rFire    + + .     SeeInvis +   s - +3 flail (protect)
rCold    . . .     Gourm    .   (no shield)
rNeg     . . .     Faith    .   q - +4 chain mail {rC+}
rPois    .         Spirit   +   (helmet restricted)
rElec    .         Reflect  .   N - +0 cloak
rCorr    .         Harm     .   (no gloves)
MR       .....                  v - +0 pair of boots
Stlth    ..........             j - amulet of guardian spirit
HPRegen  0.26/turn              i - ring of fire
MPRegen  0.12/turn              K - ring "Reishrunk" {+Fly rF+ Int+5 SInv}

@: lethally poisoned (-4 -> -75), about to teleport, berserk cooldown, slowed,
very slow
A: retaliatory headbutt, horns 2
a: Berserk, Trog's Hand, Brothers in Arms, Renounce Religion, Evoke Flight


You were on level 12 of the Dungeon.
You worshipped Trog.
Trog was greatly pleased with you.
You were hungry.

You visited 1 branch of the dungeon, and saw 12 of its levels.

You collected 833 gold pieces.
You spent 52 gold pieces at shops.

Inventory:

Hand Weapons
 s - a +3 flail of protection (weapon)
 R - a +0 battleaxe
 Y - a +1 dire flail of freezing
Missiles
 a - 3 curare-tipped darts
 u - a throwing net
 D - 175 stones
 G - 3 atropa-tipped darts
 O - 33 poisoned darts
 S - 10 boomerangs (quivered)
Armour
 f - a +0 leather armour of cold resistance
 q - a +4 chain mail of cold resistance (worn)
 v - a +0 pair of boots (worn)
 B - a +0 plate armour
 E - a +0 leather armour of magic resistance
 H - +0 acid dragon scales
 N - a +0 cloak (worn)
Magical Staves
 F - an uncursed staff of summoning {unknown}
Jewellery
 i - a ring of fire (left hand)
 j - an amulet of guardian spirit (around neck)
 z - an uncursed amulet of guardian spirit
 K - the ring "Reishrunk" (right hand) {+Fly rF+ Int+5 SInv}
   (You took it off an orc on level 6 of the Dungeon)

   [ring of protection from fire]

   It affects your intelligence (+5).
   It protects you from fire.
   It lets you see invisible.
   It lets you fly.
Wands
 b - a wand of clouds (1)
 n - a wand of flame (67)
 w - a wand of acid (22)
 A - a wand of digging (5)
 V - a wand of iceblast (14)
Scrolls
 d - 11 scrolls of remove curse
 h - 3 scrolls of immolation
 k - 2 scrolls of amnesia
 p - a scroll of acquirement {unknown}
 x - 2 scrolls of identify
 y - a scroll of noise
 C - 2 scrolls of enchant weapon
 I - 5 scrolls of blinking
 J - 3 scrolls of fog
 M - a scroll of magic mapping
 P - a scroll of teleportation
 Q - 2 scrolls of enchant armour
 X - 2 scrolls of fear
Potions
 e - 3 potions of mutation
 g - 2 potions of degeneration
 l - a potion of magic
 m - a potion of flight
 o - 2 potions of agility
 r - 2 potions of heal wounds
 t - 2 potions of lignification
 L - 2 potions of curing
 T - a potion of might
 U - a potion of resistance
 W - a potion of haste
 Z - 2 potions of brilliance
Comestibles
 c - 14 rations


   Skills:
 + Level 9.1 Fighting
 + Level 12.8 Maces & Flails
 + Level 11.0 Throwing
 + Level 9.2 Armour
 + Level 4.6 Dodging
 + Level 1.5 Stealth


You had 10 spell levels left.
You didn't know any spells.
Your spell library contained the following spells:

 Spells                   Type           Power        Failure   Level  Hunger
 Animate Skeleton         Necr           N/A          94%         1    ##.....
 Apportation              Tloc           #.....       94%         1    ##.....
 Confusing Touch          Hex            #.....       94%         1    ##.....
 Freeze                   Ice            #...         94%         1    ##.....
 Pain                     Necr           #...         94%         1    ##.....
 Summon Small Mammal      Summ           #...         94%         1    ##.....
 Throw Frost              Conj/Ice       #.....       98%         2    ###....
 Ozocubu's Armour         Chrm/Ice       #.......     100%        3    ####...
 Regeneration             Chrm/Necr      #.........   100%        3    ####...
 Vampiric Draining        Necr           #.........   100%        3    ####...
 Animate Dead             Necr           N/A          100%        4    #####..
 Summon Ice Beast         Ice/Summ       #.......     100%        4    #####..
 Throw Icicle             Conj/Ice       #.......     100%        4    #####..


Dungeon Overview and Level Annotations

Branches:
Dungeon (12/15)            Temple (0/1) D:5            Lair (0/6) D:11
    Orc (0/2) D:11

Altars:
Ashenzari
Elyvilon
Fedhas
Gozag
Hepliaklqana
Kikubaaqudgha
Makhleb
Nemelex Xobeh
Uskayaw
Yredelemnul
The Shining One
Beogh

Shops:
D:10 !=%   D:11 [

Annotations:
D:12 Rupert


Innate Abilities, Weirdness & Mutations

You reflexively headbutt those who attack you in melee.
You have a pair of horns on your head.


Message History

Rupert barely misses you. You furiously retaliate!
You headbutt Rupert.
You feel much better.
You feel very sick. Rupert barely misses you.
You feel much better.
Your skin stops crawling.
You feel less resistant to hostile enchantments.
You feel very sick.
Rupert hits you with a +3 battleaxe of venom!
You are lethally poisoned!
Rupert hits you with a +3 battleaxe of venom!
* * * LOW HITPOINT WARNING * * *
* * * LOW HITPOINT WARNING * * *
You feel very sick.
Rupert hits you with a +3 battleaxe of venom!
* * * LOW HITPOINT WARNING * * *
You are more poisoned.
As you read the scroll of teleportation, it crumbles to dust.
You feel strangely unstable.
You die...

.....##..# #...#
.........###...#
.........##...##
.#........#...#
#............###
##...........#.###..........
#........#.....##..........
###......####@.#..........#
#....)## #@.............
#..##..####..............#
#... #...##...............#
....
#....#.................. #
##..##..................
#..##.........##.......
##............##........
#...............###.....
##.......................


You could see Rupert (berserk).

Vanquished Creatures
  The ghost of Zaque the Carver, a journeyman TeMo of Okawaru (D:10)
  2 two-headed ogres (D:7)
  Pikel (D:7)
  An ugly thing (D:12)
  A manticore (D:11)
  A troll (D:11)
  Prince Ribbit (D:9)
  2 hippogriffs (D:8)
  A shadow (D:10)
  2 water elementals (D:11)
  2 hogs (D:8)
  2 yaks (D:7)
  Eustachio (D:6)
  Grum (D:8)
  2 hungry ghosts
  A human (D:8)
  An acid dragon (D:7)
  7 orc warriors
  Duvessa (D:6)
  A phantom (D:6)
  4 ice beasts
  A black bear (D:5)
  2 sky beasts
  An eye of draining (D:7)
  2 ogres
  7 wolves
  5 centaurs
  5 big kobolds
  8 bullfrogs
  A wyvern zombie (D:8)
  Dowan (D:6)
  A water moccasin skeleton (D:5)
  A wyvern skeleton (D:6)
  9 scorpions
  4 wights (D:9)
  4 electric eels
  4 howler monkeys
  6 crimson imps
  3 centaur zombies
  A bullfrog zombie (D:12)
  6 hounds
  A centaur skeleton (D:5)
  3 jellies
  11 orc priests
  Crazy Yiuf (D:7)
  2 bullfrog skeletons
  Jessica (D:2)
  2 iguanas
  15 orc wizards
  6 worker ants
  A hound zombie (D:7)
  3 hound skeletons
  A howler monkey zombie (D:10)
  A gnoll (D:1)
  A howler monkey skeleton (D:8)
  16 adders
  2 shadow imps
  An ooze (D:6)
  An adder skeleton (D:4)
  An adder zombie (D:5)
  3 worms (D:3)
  5 dart slugs
  6 leopard geckos
  66 orcs
  5 giant cockroaches
  13 goblins
  10 hobgoblins
  25 kobolds
  5 quokkas
  2 ball pythons (D:1)
  9 bats
  3 frilled lizards
  A leopard gecko skeleton (D:8)
  9 rats
340 creatures vanquished.

Vanquished Creatures (others)
  Menkaure (D:7)
  3 slaves (D:7)
  A bullfrog (D:7)
  3 orc priests
  2 orcs
10 creatures vanquished.

Grand Total: 350 creatures vanquished

Notes
Turn   | Place    | Note
-------+----------+-------------------------------------------
     0 | D:1      | maggai the Minotaur Berserker began the quest for the Orb.
     0 | D:1      | Reached XP level 1. HP: 19/19 MP: 0/0
   137 | D:1      | Reached XP level 2. HP: 24/27 MP: 1/1
   257 | D:1      | Reached skill level 4 in Maces & Flails
   679 | D:1      | Reached XP level 3. HP: 23/34 MP: 2/2
   917 | D:1      | Reached ** piety under Trog
  1321 | D:2      | Noticed Jessica
  1326 | D:2      | Killed Jessica
  1326 | D:2      | Reached XP level 4. HP: 41/41 MP: 3/3
  1528 | D:3      | Reached skill level 5 in Maces & Flails
  1754 | D:3      | Reached skill level 5 in Fighting
  1891 | D:3      | Reached XP level 5. HP: 45/48 MP: 4/4
  1984 | D:4      | Found a sparkling altar of Nemelex Xobeh.
  2004 | D:4      | Reached skill level 6 in Maces & Flails
  2071 | D:3      | Reached *** piety under Trog
  2122 | D:3      | Found an ancient bone altar of Kikubaaqudgha.
  2393 | D:4      | Reached XP level 6. HP: 51/56 MP: 5/5
  2692 | D:4      | Found a hide-covered altar of Uskayaw.
  2692 | D:4      | Noticed a +0 hand axe
  2692 | D:4      | Noticed a +0 hand axe
  2869 | D:5      | Entered Level 5 of the Dungeon
  2952 | D:5      | Reached skill level 7 in Maces & Flails
  2952 | D:5      | Reached skill level 1 in Throwing
  2952 | D:5      | Reached XP level 7. HP: 62/62 MP: 3/6
  3273 | D:5      | Found a hazy altar of Hepliaklqana.
  3449 | D:5      | Found a staircase to the Ecumenical Temple.
  3494 | D:5      | Found a burning altar of Makhleb.
  3621 | D:5      | Found a glowing golden altar of the Shining One.
  3709 | D:5      | Reached skill level 8 in Maces & Flails
  3925 | D:5      | Reached XP level 8. HP: 68/70 MP: 7/7
  4261 | D:6      | Reached skill level 5 in Armour
  4347 | D:6      | Reached skill level 9 in Maces & Flails
  4362 | D:6      | Noticed Duvessa
  4366 | D:6      | Noticed Dowan
  4371 | D:6      | Killed Duvessa
  4375 | D:6      | Killed Dowan
  4417 | D:6      | Reached **** piety under Trog
  4510 | D:6      | Reached skill level 1 in Stealth
  4663 | D:6      | Found a basalt altar of Yredelemnul.
  4744 | D:6      | Noticed Eustachio
  4762 | D:6      | Identified the ring "Reishrunk" {+Fly rF+ Int+5 SInv}
  4772 | D:6      | Killed Eustachio
  4772 | D:6      | Reached XP level 9. HP: 78/78 MP: 8/8
  4847 | D:6      | Reached skill level 10 in Maces & Flails
  5021 | D:6      | Reached skill level 5 in Throwing
  5421 | D:7      | Noticed Pikel
  5428 | D:7      | Killed Pikel
  5450 | D:7      | Noticed a two-headed ogre
  5482 | D:7      | Killed a two-headed ogre
  5574 | D:7      | Found an opulent altar of Gozag.
  5653 | D:7      | Found a runed translucent door.
  5654 | D:7      | Noticed Crazy Yiuf
  5685 | D:7      | Reached XP level 10. HP: 86/86 MP: 9/9
  5702 | D:7      | Noticed Menkaure
  5909 | D:7      | Found a shattered altar of Ashenzari.
  6122 | D:7      | Killed Menkaure
  6259 | D:7      | You fall into a shaft and drop 2 floors!
  6259 | D:9      | Found a white marble altar of Elyvilon.
  6335 | D:8      | Reached skill level 11 in Maces & Flails
  6847 | D:8      | Noticed Grum
  6857 | D:7      | Noticed a two-headed ogre
  6868 | D:7      | Killed a two-headed ogre
  6943 | D:8      | Killed Grum
  7080 | D:8      | Received a gift from Trog
  7816 | D:8      | Reached skill level 12 in Maces & Flails
  8164 | D:7      | Killed Crazy Yiuf
  8707 | D:9      | Reached XP level 11. HP: 81/94 MP: 8/10
  8833 | D:9      | Noticed Prince Ribbit
  8841 | D:9      | Killed Prince Ribbit
  9036 | D:10     | Entered Level 10 of the Dungeon
  9036 | D:10     | Found Odinguts's Jewellery Emporium.
  9053 | D:9      | Received a gift from Trog
  9085 | D:9      | Found a blossoming altar of Fedhas.
  9436 | D:10     | Noticed Zaque's ghost (journeyman TeMo)
  9439 | D:10     | Found a runed translucent door.
  9553 | D:10     | Found a roughly hewn altar of Beogh.
  9609 | D:10     | Found Hiryurol's Distillery.
  9617 | D:10     | Bought a potion of might for 52 gold pieces
  9829 | D:10     | Found Sodynoat's Antique Armour Shoppe.
  9900 | D:10     | Received a gift from Trog
 10033 | D:10     | Found Jeejujik's Food Boutique.
 10205 | D:10     | Reached skill level 10 in Throwing
 10393 | D:10     | Killed Zaque's ghost
 10514 | D:11     | Received a gift from Trog
 10574 | D:11     | Got a dazzling rapier
 10976 | D:11     | Found a staircase to the Lair.
 11099 | D:11     | Found Tuxur's Armour Boutique.
 11102 | D:11     | Found a staircase to the Orcish Mines.
 11608 | D:12     | Noticed a purple ugly thing
 11619 | D:12     | Killed a purple ugly thing
 11680 | D:12     | Noticed Rupert
 11713 | D:12     | HP: 4/97 [Rupert/+3 battleaxe of venom (8)]
 11714 | D:12     | Succumbed to Rupert's poison

Levels and vault maps discovered:
D:1:      wander_arrival_desolate, layout_loops_ring
D:2:      minmay_wonky_spiral, layout_loops_ring, uniq_jessica
D:3:      layout_basic, lemuel_coloured_pillars_altar, minmay_close_crescents
D:4:      minmay_spotlight, layout_cave_pools,
          nemelex_xobeh_ov_fountains_minmay, dancing_weapons_uskayaw
D:5:      layout_gridville, nicolae_overflow_hidden_temple, marbit_many_paths,
          kennysheep_mini_moat, minmay_temple_entry_stoned_glass, first_ration,
          roderic_lattice_a
D:6:      layout_basic, lemuel_round_altar, uniq_eustachio, uniq_duvessa
D:7:      layout_loops_cross, old_standard_altar, old_standard_altar,
          uniq_menkaure, uniq_crazy_yiuf_cottage, uniq_pikel
D:8:      layout_layer_cave, grunt_livestock, lightli_minifort, uniq_grum
D:9:      layout_basic, kennysheep_mini, overflow_temple_1_default,
          uniq_prince_ribbit1
D:10:     layout_gridville, serial_shops, shop, nicolae_shop_trees, shop,
          nicolae_shop_window_shopping, hellmonk_ghost_happy_afterlife,
          david_defended_altar_orc
D:11:     layout_basic, erik_lair_island, orc_david_3
D:12:     layout_cave_pools, uniq_rupert

Skill      XL: |  1  2  3  4  5  6  7  8  9 10 11 |
---------------+----------------------------------+-----
Fighting       | 4 5 6 7 8 9 |  9.1
Maces & Flails | 4 5 6 7 8 9 10 12 | 12.8
Dodging        | 3 4 |  4.6
Armour         | 3 4 6 7 8 9 |  9.2
Throwing       | 1 2 4 7 9 11 | 11.0
Stealth        | 1 |  1.5

Action                   |  1- 3 |  4- 6 |  7- 9 | 10-12 || total
-------------------------+-------+-------+-------+-------++-------
Melee: Mace              |    67 |    86 |       |       ||   153
       Headbutt          |    12 |    20 |    51 |    85 ||   168
       Flail             |       |    17 |   201 |   405 ||   623
Throw: Boomerang         |       |     8 |       |   144 ||   152
       Javelin           |       |     7 |    19 |       ||    26
       Dart              |       |       |   102 |    40 ||   142
       Stone             |       |       |       |   111 ||   111
Invok: Berserk           |     1 |     2 |     1 |     4 ||     8
       Trog's Hand       |       |     2 |     8 |    20 ||    30
  Use: Scroll            |       |     9 |    12 |     8 ||    29
       Potion            |       |       |       |     3 ||     3
 Stab: Invisible         |       |       |     1 |       ||     1
  Eat: Chunk             |     2 |     7 |     4 |    15 ||    28
       Ration            |       |       |     3 |     5 ||     8
Armor: Animal skin       |     6 |       |       |       ||     6
       Leather armour    |     6 |    13 |       |       ||    19
       Chain mail        |       |    26 |   115 |   213 ||   354
Dodge: Dodged            |    50 |    60 |    85 |   162 ||   357

Table legend:
 A = Non-vault XP
 B = Vault XP
 C = Vault XP percentage of total XP
 D = Non-vault monster count
 E = Vault monster count
 F = Vault count percentage of total count
                 A         B        C        D         E       F
            +---------+---------+-------+---------+---------+-------
      Total |   12807 |    5297 |  29.3 |     293 |      47 |  13.8
            +---------+---------+-------+---------+---------+-------
        D:1 |      60 |       0 |   0.0 |      26 |       0 |   0.0
        D:2 |      26 |      41 |  61.2 |       9 |       3 |  25.0
        D:3 |     102 |      19 |  15.7 |      30 |       3 |   9.1
        D:4 |     154 |      58 |  27.4 |      14 |       3 |  17.6
        D:5 |     966 |      11 |   1.1 |      20 |       1 |   4.8
        D:6 |    1523 |     413 |  21.3 |      45 |       3 |   6.2
        D:7 |    2929 |    1350 |  31.5 |      32 |       7 |  17.9
        D:8 |    1946 |    1220 |  38.5 |      31 |       9 |  22.5
        D:9 |     625 |     268 |  30.0 |      16 |       1 |   5.9
       D:10 |    1236 |    1030 |  45.5 |      32 |       4 |  11.1
       D:11 |    2423 |     887 |  26.8 |      34 |      13 |  27.7
       D:12 |     817 |       0 |   0.0 |       4 |       0 |   0.0
            +---------+---------+-------+---------+---------+-------
